Map: Ultralove

Players

KimChiLoVer

  • Race: Terran Terran
  • League: Diamond
  • Spawn Location: 7:00

IIIIIIIIIIII - Winner!

  • Race: Terran Terran
  • League: Master
  • Spawn Location: 1:00

VOD

Have the link to the VOD?

Description

Time

  • Played on: Nov. 2, 2025, 11 p.m.
  • Length: 13:14
Show
View Real Time Build Order
Export as new Build Order

KimChiLoVer Terran 

Build Orders:  

Get SALT Encoding   

  12  0:00  SCV  
  13  0:13  SCV  
  14  0:17  Supply Depot  
  14  0:25  SCV  
  15  0:38  SCV  
  15  0:39  Barracks  
  16  0:43  Refinery  
  16  0:50  SCV  
  16  0:53  Refinery  
  17  1:03  SCV  
  18  1:15  SCV  
  19  1:27  Reaper  
  19  1:29  Orbital Command  
  19  1:31  Supply Depot  
  20  1:47  Factory  
  20  1:58  SCV  
  20  1:59  Reaper  
  22  2:13  Command Center  
  22  2:23  SCV  
  23  2:33  Hellion  
  25  2:39  Barracks Reactor  
  25  2:40  Supply Depot  
  25  2:45  Starport  
  25  2:46  SCV  
  26  2:58  SCV  
  27  3:06  Factory Tech Lab  
  27  3:11  SCV  
  26  3:18  Marine  
  26  3:19  Marine  
  28  3:26  Starport Tech Lab  
  28  3:27  Cyclone  
  28  3:28  Orbital Command  
  31  3:47  Raven  
  33  3:48  Interference Matrix  
  33  3:49  Orbital Command  
  33  3:59  Marine  
  33  4:00  Marine  
  33  4:02  Refinery x2, Siege Tank  
  38  4:08  SCV  
  35  4:20  SCV  
  35  4:34  SCV  
  35  4:35  Siege Tank  
  35  4:46  SCV  
  36  4:54  Raven  
  36  4:58  SCV  
  36  4:59  SCV  
  40  5:02  Supply Depot  
  40  5:10  SCV, Starport  
  40  5:11  SCV  
  41  5:22  SCV  
  42  5:34  SCV  
  35  6:04  Factory  
  35  6:06  SCV  
  35  6:07  SCV  
  35  6:15  Viking x2  
  35  6:16  Viking  
  38  6:19  SCV x2  
  32  6:35  Cyclone, Marine  
  35  6:45  Viking  
  37  6:53  Marine  
  37  7:04  Cyclone  
  31  7:38  Supply Depot x2  
  31  7:39  Supply Depot  
  31  7:59  SCV  
  31  8:03  Cyclone x2  
  35  8:09  Marine  
  35  8:12  SCV  
  37  8:16  Barracks  
  37  8:18  Barracks  
  37  8:19  Barracks  
  37  8:20  Barracks  
  37  8:24  SCV  
  37  8:27  Marine  
  38  8:29  Starport Reactor, Command Center  
  39  8:35  Cyclone  
  42  8:44  Marine  
  41  8:53  Cyclone  
  44  8:58  Supply Depot x2  
  44  8:59  SCV  
  44  9:00  Engineering Bay  
  44  9:02  Marine  
  45  9:08  Marine  
  45  9:09  Marine x2  
  41  9:11  SCV, Viking x2  
  46  9:20  Marine  
  47  9:34  Marine x4  
  51  9:39  Mag-Field Accelerator  
  51  9:49  Viking  
  53  10:05  Cyclone  
  53  10:06  Marine x4  
  60  10:08  Refinery  
  60  10:18  Marine  
  60  10:20  SCV  
  62  10:24  Marine  
  62  10:28  Marine x2  
  65  10:34  Orbital Command  
  66  10:50  SCV  
  66  10:52  Siege Tank  
  66  10:53  Siege Tank  
  72  10:57  Viking  
  72  11:02  Viking  
  76  11:11  SCV  
  77  11:17  Marine x5  
  60  11:58  Marine x5  
  60  12:12  Command Center  
  60  12:18  Marine  
  61  12:30  Marine x2  
Show
View Real Time Build Order
Export as new Build Order

IIIIIIIIIIII Terran - Winner!

Build Orders: Liberator Opening 

Get SALT Encoding   

  12  0:00  SCV  
  13  0:12  SCV  
  14  0:16  Supply Depot  
  14  0:24  SCV  
  15  0:38  SCV  
  15  0:39  Barracks  
  16  0:43  Refinery  
  16  0:50  SCV  
  16  0:54  Refinery  
  17  1:04  SCV  
  18  1:16  SCV  
  19  1:26  Reaper  
  19  1:28  Supply Depot  
  19  1:31  Orbital Command  
  20  1:45  Factory  
  20  1:58  Reaper, SCV  
  22  2:10  SCV  
  23  2:23  Command Center  
  23  2:24  SCV  
  26  2:30  Hellion  
  26  2:32  Barracks Tech Lab  
  26  2:37  SCV  
  27  2:44  Starport  
  27  2:49  SCV  
  28  2:57  Supply Depot  
  28  3:02  Cyclone  
  31  3:18  SCV  
  32  3:29  Liberator  
  32  3:32  SCV  
  36  3:35  Cyclone  
  36  3:37  Refinery, Orbital Command  
  39  3:44  SCV  
  40  3:50  Refinery  
  40  3:56  SCV  
  40  3:57  Fusion Core  
  41  4:03  SCV  
  41  4:08  SCV  
  43  4:16  Starport Tech Lab  
  39  4:30  SCV x2  
  41  4:34  Cyclone  
  44  4:42  SCV x2  
  46  4:52  Battlecruiser  
  49  4:54  SCV  
  49  4:55  SCV  
  49  4:59  Supply Depot  
  51  5:05  Weapon Refit  
  51  5:06  SCV  
  52  5:27  Cyclone  
  55  5:49  SCV x2  
  54  5:52  Command Center  
  54  5:59  Battlecruiser  
  54  6:01  SCV x2  
  54  6:02  Mag-Field Accelerator  
  62  6:11  Command Center  
  62  6:18  Supply Depot  
  62  6:21  Cyclone, SCV  
  66  6:29  SCV  
  67  6:33  SCV  
  67  6:34  Factory  
  67  6:37  Factory  
  68  6:47  Engineering Bay  
  68  6:58  Cyclone  
  71  7:03  SCV  
  71  7:06  SCV  
  79  7:08  Battlecruiser  
  79  7:16  SCV  
  80  7:28  Factory Tech Lab x2  
  80  7:30  Cyclone  
  80  7:32  Orbital Command, SCV  
  80  7:33  SCV  
  85  7:37  Refinery  
  85  7:42  Planetary Fortress  
  85  7:45  SCV x2  
  87  7:57  SCV x2  
  89  8:02  Siege Tank  
  89  8:04  Cyclone x2  
  98  8:09  SCV  
  98  8:10  SCV  
  98  8:11  Armory  
  98  8:12  Armory, SCV  
  101  8:22  SCV  
  101  8:24  SCV  
  101  8:25  SCV  
  104  8:32  Supply Depot, Refinery  
  104  8:33  Supply Depot  
  104  8:35  Refinery  
  104  8:43  Cyclone  
  107  8:48  Siege Tank  
  107  8:55  Battlecruiser  
  113  8:57  SCV x3  
  116  9:12  SCV x3  
  116  9:14  Supply Depot, SCV  
  116  9:15  Supply Depot  
  120  9:17  Terran Ship Weapons Level 1  
  120  9:20  Terran Vehicle Weapons Level 1  
  120  9:24  SCV x2  
  120  9:25  SCV  
  120  9:26  SCV  
  120  9:30  Factory  
  124  9:35  Factory  
  124  9:37  Barracks  
  124  9:44  Missile Turret  
  124  9:46  Siege Tank  
  127  9:53  Missile Turret  
  127  9:57  Missile Turret  
  127  10:02  Sensor Tower  
  127  10:08  SCV x2  
  127  10:13  Refinery, Sensor Tower, SCV  
  130  10:16  Command Center  
  130  10:22  Siege Tank x3  
  130  10:23  Factory Tech Lab  
  139  10:33  Missile Turret x2  
  139  10:35  Factory Tech Lab, Supply Depot  
  139  10:38  Supply Depot  
  139  10:45  SCV  
  140  10:50  Missile Turret  
  140  10:52  Supply Depot  
  140  10:54  SCV  
  141  11:02  Starport  
  141  11:05  Sensor Tower  
  141  11:11  Missile Turret  
  141  11:14  Battlecruiser  
  147  11:20  Armory  
  147  11:22  SCV  
  147  11:25  Missile Turret  
  145  11:46  Cyclone x2  
  145  11:47  Cyclone  
  136  12:04  Cyclone, Siege Tank  
  136  12:06  SCV  
  140  12:13  Command Center  
  140  12:18  Cyclone, Siege Tank  
  140  12:20  Starport  
  151  12:25  Command Center  
  151  12:28  Starport Tech Lab  
  151  12:37  Siege Tank x2  
  151  12:39  Cyclone  
  151  12:41  SCV  
  151  12:42  Command Center  
  161  12:49  SCV x2  
  161  12:51  Hellion  
Tags
 
Matchup
TvT
Race
Terran
Spawn Locations
Cross Positions
Add a new tag
Caveats
  • Supply blocks, unpowered buildings, or Contaminate may cause inaccurate times.
  • Supply counts are checked every 10 seconds.